Map: Kairos Junction LE

Players

DnS - Winner!

  • Race: Protoss Protoss
  • League: Grandmaster
  • Spawn Location: 5:00

Elazer

  • Race: Zerg Zerg
  • Spawn Location: 11:00

Event: IEM Season 13 - Katowice Server Qualifiers Europe

VOD

Have the link to the VOD?

Description

Time

  • Played on: Jan. 8, 2019, 10:13 a.m.
  • Length: 12:26

All games in this series

Show
View Real Time Build Order
Export as new Build Order

DnS Protoss - Winner!

Build Orders: 1 Gate Expand, Oracle Opening, Phoenix Opening, Chargelot Immortal 

Get SALT Encoding   

  12  0:00  Probe  
  13  0:12  Probe  
  14  0:18  Pylon  
  14  0:24  Probe  
  15  0:32  Probe  
  15  0:38  Gateway  
  15  0:41  Probe  
  16  0:46  Assimilator  
  17  0:51  Probe  
  18  1:03  Probe  
  20  1:18  Probe  
  20  1:24  Nexus  
  20  1:36  Cybernetics Core  
  20  1:37  Probe  
  21  1:43  Assimilator  
  21  1:49  Probe  
  21  1:53  Pylon  
  22  2:02  Probe  
  22  2:03  Adept  
  23  2:14  Probe  
  26  2:15  Stargate  
  26  2:23  Adept  
  26  2:25  Warp Gate  
  26  2:26  Probe  
  27  2:32  Probe  
  30  2:38  Probe  
  30  2:40  Probe  
  31  2:49  Adept  
  31  2:50  Probe  
  35  2:51  Probe  
  36  3:00  Phoenix  
  36  3:02  Probe  
  36  3:03  Probe  
  40  3:09  Pylon  
  40  3:14  Probe  
  40  3:18  Oracle, Probe  
  42  3:31  Probe  
  44  3:34  Adept  
  44  3:37  Probe  
  44  3:40  Gateway  
  45  3:44  Probe  
  45  3:46  Gateway  
  46  3:52  Probe  
  46  3:55  Twilight Council  
  47  3:57  Probe  
  48  4:02  Pylon  
  48  4:07  Assimilator  
  48  4:09  Assimilator  
  48  4:12  Resonating Glaives  
  48  4:14  Probe x2  
  50  4:17  Robotics Facility  
  50  4:21  Pylon  
  50  4:26  Probe x2  
  52  4:36  Adept x2  
  56  4:39  Adept  
  56  4:41  Probe x2  
  60  4:56  Pylon  
  60  4:57  Adept x2  
  64  5:02  Adept, Warp Prism  
  66  5:23  Nexus, Adept x3  
  70  5:32  Robotics Facility, Probe x2, Immortal  
  70  5:45  Pylon  
  70  5:46  Sentry  
  70  5:47  Sentry x2  
  76  5:55  Probe  
  77  5:57  Probe  
  76  6:07  Probe  
  76  6:09  Charge, Probe  
  76  6:12  Immortal  
  76  6:16  Adept x3  
  80  6:20  Probe  
  80  6:21  Probe  
  80  6:27  Immortal  
  80  6:32  Probe  
  85  6:37  Probe  
  85  6:39  Probe  
  84  6:41  Immortal  
  84  6:44  Probe, Zealot  
  86  6:50  Probe  
  86  6:52  Sentry x2  
  89  6:56  Probe  
  89  6:57  Probe  
  89  6:59  Immortal  
  91  7:02  Forge  
  91  7:05  Probe, Pylon  
  91  7:07  Sentry  
  98  7:10  Probe  
  99  7:19  Gateway  
  99  7:21  Gateway, Immortal  
  100  7:30  Gateway  
  100  7:32  Protoss Ground Weapons Level 1  
  100  7:36  Gateway  
  100  7:38  Gateway  
  100  7:45  Observer  
  100  7:47  Probe  
  100  7:48  Probe x2, Pylon  
  104  7:57  Assimilator  
  104  7:59  Probe, Assimilator  
  104  8:01  Immortal  
  104  8:02  Templar Archives  
  109  8:07  Pylon  
  109  8:09  Zealot, Pylon  
  109  8:10  Zealot x2  
  109  8:11  Probe  
  113  8:14  Probe  
  113  8:15  Probe  
  115  8:21  Psionic Storm  
  115  8:26  Zealot x3  
  121  8:34  Immortal  
  125  8:40  High Templar  
  127  8:41  Pylon  
  115  8:55  Immortal  
  111  8:59  Zealot x5  
  111  9:00  Zealot x2  
  123  9:06  Immortal  
  123  9:07  Protoss Ground Weapons Level 2  
  119  9:15  High Templar  
  121  9:21  High Templar x2  
  121  9:22  Zealot x5  
  131  9:25  Immortal, Pylon  
  135  9:40  Immortal  
  135  9:45  Nexus  
  135  9:47  Pylon  
  139  9:54  Immortal  
  142  10:10  High Templar x2  
  146  10:20  Immortal  
  146  10:26  Photon Cannon  
  146  10:27  Photon Cannon  
  146  10:29  Photon Cannon  
  146  10:30  Shield Battery  
  146  10:33  Zealot x5  
  154  10:52  Gateway  
  154  10:53  Zealot  
  154  10:54  Gateway, Zealot  
  154  10:57  Immortal  
  154  10:59  Zealot x2  
  157  11:06  Zealot x2  
  151  11:19  High Templar x2  
  151  11:20  High Templar x2  
  151  11:21  Probe x2  
  151  11:22  Probe x2  
  163  11:35  Immortal  
  163  11:38  Zealot x4  
  167  11:44  Archon  
  167  11:47  Immortal  
  156  12:03  Gateway  
  156  12:06  Gateway  
  152  12:09  Zealot x3  
  152  12:14  High Templar x4  
Show
View Real Time Build Order
Export as new Build Order

Elazer Zerg 

Build Orders: Hatch First, Swarm Host 

Get SALT Encoding   

  12  0:01  Drone  
  13  0:12  Overlord  
  13  0:17  Drone  
  14  0:31  Drone x2  
  16  0:49  Hatchery  
  15  0:51  Drone  
  15  0:55  Drone  
  17  0:58  Drone  
  18  1:09  Extractor  
  17  1:14  Spawning Pool  
  17  1:17  Drone  
  17  1:20  Drone  
  18  1:29  Drone  
  19  1:39  Drone  
  20  1:50  Drone  
  21  2:01  Queen x2  
  23  2:02  Overlord  
  23  2:03  Zergling x2  
  26  2:12  Zergling x2  
  26  2:13  Drone  
  28  2:25  Drone x2  
  30  2:30  Hatchery  
  30  2:36  Drone  
  30  2:37  Zergling x2  
  31  2:41  Queen  
  33  2:46  Overlord  
  33  2:49  Drone  
  34  2:55  Drone  
  35  3:00  Drone  
  36  3:09  Drone x2  
  36  3:11  Drone  
  39  3:13  Drone x3  
  42  3:24  Drone x4  
  41  3:30  Drone  
  40  3:34  Queen  
  40  3:37  Drone  
  40  3:40  Overlord  
  43  3:41  Drone  
  43  3:42  Drone x3  
  47  3:53  Spore Crawler  
  47  3:55  Overlord, Spore Crawler  
  45  3:56  Spore Crawler  
  45  3:59  Drone  
  45  4:00  Drone x2  
  47  4:05  Drone x3  
  50  4:13  Queen  
  50  4:14  Overlord  
  50  4:15  Drone  
  53  4:17  Drone  
  53  4:18  Drone  
  53  4:20  Drone  
  56  4:29  Drone x3  
  58  4:32  Extractor  
  58  4:33  Extractor  
  58  4:34  Roach Warren  
  58  4:35  Drone x3  
  58  4:38  Drone  
  59  4:41  Drone x2  
  61  4:46  Lair  
  61  4:49  Drone x2  
  63  4:55  Zergling x4  
  65  5:02  Zergling x2  
  65  5:10  Overlord  
  65  5:11  Queen  
  65  5:17  Roach x2  
  64  5:22  Roach  
  64  5:27  Drone x4  
  65  5:29  Overlord  
  65  5:31  Drone x8  
  70  5:39  Drone  
  70  5:42  Drone x2  
  73  5:46  Evolution Chamber  
  73  5:48  Extractor  
  73  5:49  Hydralisk Den  
  70  5:51  Roach x4  
  73  5:59  Roach x2  
  73  6:03  Roach  
  73  6:14  Drone x6  
  73  6:18  Overlord  
  75  6:20  Roach  
  76  6:26  Drone x3  
  76  6:31  Drone x2  
  78  6:33  Glial Reconstitution  
  73  6:40  Overlord  
  73  6:41  Drone x2  
  70  6:49  Drone x4  
  70  6:51  Drone  
  70  6:54  Drone  
  74  6:56  Drone  
  74  6:57  Drone  
  74  6:59  Drone  
  77  7:01  Drone  
  77  7:02  Drone  
  77  7:04  Drone  
  80  7:10  Drone x3  
  80  7:12  Drone  
  84  7:16  Zerg Missile Weapons Level 1  
  84  7:18  Drone  
  84  7:19  Drone  
  84  7:22  Drone x2  
  88  7:28  Drone x3  
  88  7:29  Drone  
  92  7:32  Drone  
  92  7:33  Drone  
  94  7:37  Overlord  
  94  7:38  Drone  
  94  7:39  Drone  
  94  7:40  Drone  
  97  7:46  Extractor  
  97  7:47  Overlord, Extractor  
  97  7:50  Drone x3, Infestation Pit  
  97  7:55  Overlord  
  97  7:56  Drone x3  
  100  8:05  Overlord  
  100  8:10  Roach x5  
  110  8:15  Drone  
  110  8:19  Roach  
  121  8:20  Roach x4  
  121  8:24  Overlord  
  121  8:25  Ravager x3  
  120  8:28  Roach  
  120  8:29  Roach x3  
  120  8:31  Roach  
  124  8:35  Roach  
  103  8:48  Roach  
  103  8:49  Roach x7  
  103  8:53  Roach x2  
  110  8:59  Roach  
  110  9:00  Roach  
  107  9:05  Roach  
  107  9:06  Roach  
  105  9:15  Drone x5  
  107  9:24  Roach  
  107  9:25  Roach x2  
  113  9:31  Zerg Missile Weapons Level 2  
  113  9:42  Swarm Host x5  
  128  9:49  Swarm Host x3  
  137  9:55  Overlord x2  
  137  9:57  Overlord  
  135  10:15  Swarm Host x5  
  148  10:29  Hatchery, Drone  
  148  10:31  Swarm Host x3  
  148  10:35  Roach x2  
  161  10:39  Overlord x3  
  161  10:40  Overlord  
  157  10:58  Roach x10  
  157  11:01  Ravager x4  
  177  11:06  Roach x2  
  177  11:11  Roach x3  
  185  11:15  Overlord  
  185  11:17  Ravager x2  
  185  11:18  Ravager x3  
  184  11:19  Ravager x2  
  182  11:32  Swarm Host x3  
  179  11:40  Swarm Host x2  
  179  11:46  Roach  
  193  11:47  Roach x4  

Tags
 
Add a new tag
Caveats
  • Supply blocks, unpowered buildings, or Contaminate may cause inaccurate times.
  • Supply counts are checked every 10 seconds.